 Dungeon Crawl Stone Soup version 0.25.1-2-g60ff931df9 (webtiles) character file.

Game seed: 11922733288439562069

716 Erymatos the Chopper (level 7, -3/94 HPs)
             Began as a Minotaur Berserker on Oct 31, 2020.
             Was an Elder of Trog.
             Slain by Sigmund
             ... wielding a +2 vampiric scythe
              (7 damage)
             ... on level 5 of the Dungeon.
             The game lasted 00:07:13 (4414 turns).

Erymatos the Chopper (Minotaur Berserker)           Turns: 4414, Time: 00:07:13

Health: -3/94      AC:  3    Str: 23    XL:     7   Next: 41%
Magic:  6/6        EV: 28    Int:  4    God:    Trog [****..]
Gold:   229        SH:  0    Dex: 10    Spells: 6/6 levels left

rFire    . . .     SeeInvis .   a - +0 hand axe
rCold    + . .     Gourm    .   (no shield)
rNeg     . . .     Faith    .   b - +0 animal skin
rPois    .         Spirit   .   (helmet restricted)
rElec    .         Reflect  .   (no cloak)
rCorr    .         Harm     .   r - +0 pair of gloves
MR       .....                  (no boots)
Stlth    ..........             f - amulet of the acrobat
HPRegen  0.25/turn              v - ring of protection from cold
MPRegen  0.10/turn              (no ring)

@: confused, berserking (expiring), acrobat, very quick
A: retaliatory headbutt, horns 2
a: Berserk, Trog's Hand, Brothers in Arms, Renounce Religion


You were on level 5 of the Dungeon.
You worshipped Trog.
Trog was greatly pleased with you.
You were very hungry.

You visited 1 branch of the dungeon, and saw 5 of its levels.

You collected 229 gold pieces.

Inventory:

Hand Weapons
 a - a +0 hand axe (weapon)
Armour
 b - a +0 animal skin (worn)
 r - a +0 pair of gloves (worn)
Jewellery
 d - an uncursed ring of ice
 f - an amulet of the acrobat (around neck)
 t - an uncursed ring of resist corrosion
 v - a ring of protection from cold (left hand)
 w - a cursed amulet of inaccuracy {unknown}
Scrolls
 e - a scroll of teleportation {unknown}
 g - 2 scrolls of amnesia {unknown}
 j - 2 scrolls of enchant armour {unknown}
 k - a scroll of fog {unknown}
 m - a scroll of blinking {unknown}
 n - a scroll of remove curse {unknown}
 p - 7 scrolls of identify {unknown}
 s - a scroll of immolation {unknown}
 u - a scroll of fear {unknown}
Potions
 h - 2 potions of degeneration {unknown}
 i - 2 potions of flight {unknown}
 l - 2 potions of curing {unknown}
 q - a potion of heal wounds {unknown}
Comestibles
 c - 5 rations


   Skills:
 + Level 6.2 Fighting
 + Level 7.9 Axes
 + Level 2.9 Armour
 + Level 4.3 Dodging
 - Level 0.3 Stealth


You had 6 spell levels left.
You didn't know any spells.
Your spell library was empty.

Dungeon Overview and Level Annotations

Branches:
Dungeon (5/15)
 Temple: D:4-7

Altars:
Cheibriados
Fedhas
Hepliaklqana
Makhleb
Qazlal
Vehumet
Zin

Annotations:
D:4 1 runed translucent door, aloneDruid's ghost, novice DEGl
D:5 Sigmund


Innate Abilities, Weirdness & Mutations

You reflexively headbutt those who attack you in melee.
You have a pair of horns on your head.


Message History

You slash something!
You hear some strange, mumbled words.
A puff of flame appears from out of thin air!
The puff of flame hits you.
* * * LOW HITPOINT WARNING * * *
You barely miss the ogre.
The ogre is severely wounded.
You barely miss something. The ogre closely misses you.
You hear some strange, mumbled words.
You are confused.
Unknown command.
You barely miss the ogre. Your headbutt misses the ogre.
The ogre is severely wounded.
You miss something.
You bump into the closed door.
The ogre barely misses you. Something hits you.
* * * LOW HITPOINT WARNING * * *
Unknown command.
You feel a strong urge to attack something.
The ogre misses you. Something hits you!
You die...

####### ### ....... #A#
.......# ##### ###
.......####._.#### ....
.......#..#...#.@#.....
..........+...+.O.......
................{.......
........##.._..###......
.........#####.# ......
.......### #1### ......
.......# ### ##.......
.......# ........
.....####### ...


You could see an Executioner and an ogre.

Vanquished Creatures
  An ice beast (D:5)
  Purgy (D:3)
  A phantom (D:4)
  A howler monkey (D:4)
  A crimson imp (D:5)
  A hound (D:4)
  2 orc priests
  An orc wizard (D:4)
  A worker ant (D:2)
  A worker ant zombie (D:3)
  4 gnolls (D:3)
  8 adders
  3 worms (D:2)
  3 dart slugs
  3 leopard geckos
  8 orcs
  13 bats
  A bat zombie (D:2)
  3 giant cockroaches
  9 hobgoblins
  5 jackals
  3 ball pythons
  7 frilled lizards
  A giant cockroach zombie (D:2)
  5 goblins
  10 kobolds
  9 rats
106 creatures vanquished.

Notes
Turn   | Place    | Note
-------+----------+-------------------------------------------
     0 | D:1      | Erymatos the Minotaur Berserker began the quest for the
                  | Orb.
     0 | D:1      | Reached XP level 1. HP: 19/19 MP: 0/0
   194 | D:1      | Reached XP level 2. HP: 27/27 MP: 1/1
   213 | D:1      | Reached skill level 4 in Axes
   413 | D:1      | Reached ** piety under Trog
   538 | D:1      | Reached XP level 3. HP: 33/33 MP: 2/2
   818 | D:2      | Found a hazy altar of Hepliaklqana.
  1223 | D:2      | Found a radiant altar of Vehumet.
  1226 | D:2      | Reached XP level 4. HP: 36/41 MP: 3/3
  1386 | D:2      | Found a stormy altar of Qazlal.
  1402 | D:2      | Found a transporter.
  1450 | D:2      | Found a transporter.
  1522 | D:2      | Reached skill level 5 in Fighting
  2043 | D:2      | Reached skill level 5 in Axes
  2043 | D:2      | Reached XP level 5. HP: 48/48 MP: 4/4
  2047 | D:2      | Reached *** piety under Trog
  2275 | D:3      | Found a blossoming altar of Fedhas.
  2304 | D:3      | Noticed Purgy
  2315 | D:3      | Killed Purgy
  2485 | D:3      | Found a burning altar of Makhleb.
  2497 | D:3      | Reached skill level 6 in Axes
  2503 | D:3      | Reached XP level 6. HP: 27/56 MP: 5/5
  2836 | D:3      | Found a snail-covered altar of Cheibriados.
  3648 | D:4      | Found a runed translucent door.
  3649 | D:4      | Noticed aloneDruid's ghost (novice DEGl)
  3741 | D:4      | Reached skill level 7 in Axes
  3776 | D:4      | Reached XP level 7. HP: 39/62 MP: 6/6
  3782 | D:4      | Reached **** piety under Trog
  4086 | D:5      | Entered Level 5 of the Dungeon
  4394 | D:5      | Found a burning altar of Makhleb.
  4396 | D:5      | Found a glowing silver altar of Zin.
  4396 | D:5      | Noticed an angel
  4396 | D:5      | Noticed Sigmund
  4397 | D:5      | Noticed an Executioner
  4412 | D:5      | HP: 3/94 [something (4)]
  4414 | D:5      | Slain by Sigmund

Illustrated notes

Levels and vault maps discovered:
D:1:      onia_arrival_mini_maze, layout_basic, serial_forest,
          infiniplex_forest_straight_3, infiniplex_forest_clump_long,
          infiniplex_forest_clump_tiny, infiniplex_forest_clump_diagonal,
          infiniplex_forest_lined_room_3, infiniplex_forest_straight_5,
          infiniplex_forest_clump_tiny
D:2:      layout_loops_ring, marbit_many_paths, vehumet_crystals,
          gammafunk_temple_overflow_arena
D:3:      layout_loops_corners, lemuel_doored_altar, cheibriados_altar_1,
          bloody_makhleb, uniq_purgy
D:4:      layout_basic, ebering_ghost_reflecting_pool, first_ration
D:5:      layout_basic, grunt_temple_overflow_order_and_chaos_2,
          kennysheep_ying_yang, gammafunk_temple_overflow_statue, serial_shops,
          nicolae_shop_temple_entry_statues_fountains, uniq_ijyb, uniq_sigmund

Skill      XL: |  1  2  3  4  5  6  7 |
---------------+----------------------+-----
Fighting       | 4 5 6 |  6.2
Axes           | 4 5 6 7 |  7.9
Dodging        | 3 4 |  4.3
Armour         | |  2.9
Stealth        | |  0.3

Action                   |  1- 3 |  4- 6 |  7- 9 || total
-------------------------+-------+-------+-------++-------
Melee: Hand axe          |    69 |   135 |    39 ||   243
       Headbutt          |    10 |    22 |     7 ||    39
Invok: Berserk           |       |     2 |     1 ||     3
 Stab: Sleeping          |     1 |     1 |     1 ||     3
  Eat: Chunk             |     1 |    10 |     2 ||    13
Armor: Animal skin       |     8 |    17 |     6 ||    31
Dodge: Dodged            |    67 |   103 |    19 ||   189
